 Dungeon Crawl Stone Soup version 0.30.1-3-gfc49f6343a (webtiles) character file.

Game seed: 15589058063988580349

2 H0rd4k the Charlatan (level 1, 0/13 HPs)
             Began as an Octopode Artificer on Aug 1, 2023.
             Slain by a kobold
             ... wielding a +0 dagger
              (3 damage)
             ... on level 1 of the Dungeon.
             The game lasted 00:00:44 (156 turns).

H0rd4k the Charlatan (Octopode Artificer)            Turns: 156, Time: 00:00:44

Health: 0/13       AC:  1    Str: 11    XL:     1   Next: 40%
Magic:  1/1        EV: 10    Int: 13    God:
Gold:   19         SH:  0    Dex: 12    Spells: 0/0 levels left

rFire   . . .        (no weapon)
rCold   . . .        (no shield)
rNeg    . . .        (helmet restricted)
rPois   .            (no amulet)
rElec   .            (no ring)
rCorr   .            (no ring)
SInv    .            (no ring)
Will    .....        (no ring)
Stlth   +++          (no ring)
HPRegen 0.22/turn    (no ring)
MPRegen 0.07/turn    (no ring)
                     (no ring)

%: no passive effects
@: constricted
A: almost no armour, amphibious, 8 rings, camouflage 1, gelatinous body 1,
(nimble swimmer 1), tentacles
a: no special abilities


You were on level 1 of the Dungeon.
You visited 1 branch of the dungeon, and saw 1 of its levels.

You collected 19 gold pieces.

Inventory:

Jewellery
 e - a ring of ice
Wands
 b - a wand of flame (15) (quivered)
 c - a wand of charming (15)
 d - a wand of iceblast (5)
Scrolls
 a - a scroll of enchant weapon {unknown}
 f - a scroll of identify {unknown}


   Skills:
 + Level 1.1 Fighting
 + Level 2.3 Dodging
 + Level 1.3 Stealth
 + Level 3.4 Evocations


You couldn't memorise any spells.
You didn't know any spells.
Your spell library was empty.

Dungeon Overview and Level Annotations

Branches:
Dungeon (1/15)

Altars:


Innate Abilities, Weirdness & Mutations

You cannot wear most types of armour.
You are amphibious.
You can wear up to eight rings at the same time.
Your skin changes colour to match your surroundings (Stealth+).
Your rubbery body absorbs attacks. (AC +1, EV +1)
((You are camouflaged when in or above water. (Stealth+)))
You have tentacles for arms and can constrict up to eight enemies at once.


Message History

A bat comes into view.
A rat comes into view.
The bat hits you.
You closely miss the bat. You grab the bat.
You constrict the bat, but do no damage.
The bat hits you.
A ball python comes into view.
The bat escapes!
The bat closely misses you. The endoplasm freezes you.
You are frozen.
The bat completely misses you.
You barely miss the endoplasm. The endoplasm closely misses you.
The bat misses you.
The ball python hisses angrily.
You tentacle-slap the bat but do no damage.
Your grab misses the bat. The bat closely misses you. The bat misses you.
The endoplasm hits you. The kobold hits you with a +0 dagger.
You tentacle-slap the endoplasm.
The endoplasm is lightly wounded.
The bat barely misses you. The kobold barely misses you.
The endoplasm hits you but does no damage.
The bat closely misses you.
You tentacle-slap the endoplasm.
The endoplasm is moderately wounded.
The bat barely misses you. The bat hits you. The endoplasm hits you.
The kobold barely misses you.
You are too injured to fight recklessly!
You are too injured to fight recklessly!
You are too injured to fight recklessly!
You are too injured to fight recklessly!
You are too injured to fight recklessly!
You are too injured to fight recklessly!
You are too injured to fight recklessly!
You are too injured to fight recklessly!
Unknown command.
The endoplasm attacks as you move away! The endoplasm barely misses you.
The bat closely misses you. The ball python bites you.
The ball python grabs you. The ball python constricts you.
* * * LOW HITPOINT WARNING * * *
The kobold hits you with a +0 dagger.
You die...

### ..
#.......
#####..
##.###......
#......
...........
+......
.$........#
#......
#........#
#......
.....r.#
#......
##.###.KS##
#......
......J.@.#
#######
.###..b##.##
....... #..#
....... ##.#
.##.... #.#
...... #.#
.#..... #.##
#.#... #..#
#### ##.#
#...


You could see an endoplasm, a bat, a ball python, a kobold and a rat.

Vanquished Creatures
  A bat (D:1)
  2 ball pythons (D:1)
3 creatures vanquished.

Notes
Turn   | Place    | Note
-------+----------+-------------------------------------------
     0 | D:1      | H0rd4k the Octopode Artificer began the quest for the Orb.
     0 | D:1      | Reached XP level 1. HP: 13/13 MP: 1/1
   121 | D:1      | Found a faded altar of an unknown god.
   156 | D:1      | Slain by a kobold

Illustrated notes

Levels and vault maps discovered:
D:1:      ebering_hopf_link, layout_basic,
          hellmonk_ecumenical_altar_heavens_door

Action                     || total
---------------------------++-------
  Melee: Unarmed           ||    13
         Constrict         ||     7
         Tentacles         ||     1
 Armour: Skin              ||     8
  Dodge: Dodged            ||    32
